[Event "*** Titled Tuesday 3|2 Blitz"]
[Site "Chess.com"]
[Date "2016.10.04"]
[Round "3"]
[White "Jahonas"]
[Black "Opening_Prep"]
[Result "0-1"]
[WhiteElo "2162"]
[BlackElo "2151"]
[TimeControl "180+2"]
[EndTime "17:33:11 PDT"]
[Termination "Opening_Prep won by resignation"]

1. d4 d5 2. Nf3 Nf6 3. c4 e6 4.
Nc3 Be7 5. cxd5 exd5 6. Bf4 O-O 7.
e3 Bf5 8. Bd3 Bxd3 9. Qxd3 Nbd7 10. O-O c6 11. Rfc1 Re8 12. Rab1 a5 13. a3 a4 14. h3 Nf8 15. Ne5 Ng6 16. Nxg6 hxg6 17. b4 axb3 18. a4 Qb6 19. Qd1 b2 20. Rc2 Ba3 21. Qd3 Qb3 22. f3 Rxa4 23. Be5 Rc4 24. Bxf6 gxf6 25. Qd2 b5 26. Qe1 b4 27. Nxd5 cxd5 28.
Re2 Rc1 0-1

[Event "*** Titled Tuesday 3|2 Blitz"]
[Site "Chess.com"]
[Date "2016.10.04"]
[Round "3"]
[White "pedromartinez91"]
[Black "BillieKimbah"]
[Result "0-1"]
[WhiteElo "2339"]
[BlackElo "2517"]
[TimeControl "180+2"]
[EndTime "17:33:30 PDT"]
[Termination "BillieKimbah won by resignation"]

1. Nf3 Nf6 2. g3 d5 3. Bg2 c6 4. O-O Bg4 5. Ne5 Bh5 6. c4 e6 7. cxd5 exd5 8. d3 Nbd7 9. Nf3 Bc5 10. Qc2 O-O 11. Bf4 Re8 12. h3 Qe7 13. Re1 Bb6 14.
g4 Bg6 15. Nc3 Nc5 16. Ne5 Ne6 17. Bg3 Nd4 18. Qd1 Bc7 19. e3 Ne6 20. d4 Ne4 21.
Nxe4 Bxe4 22. f3 Bg6 23. f4 Be4 24. f5 Ng5 25. h4 Bxg2 26. hxg5 Be4 27. f6 gxf6 28.
gxf6 Qxf6 29. Rf1 Qh6 30. Bf4 Qh1+ 31. Kf2 Qg2+ 32. Ke1 Ba5+ 0-1

[Event "*** Titled Tuesday 3|2 Blitz"]
[Site "Chess.com"]
[Date "2016.10.04"]
[Round "3"]
[White "jcibarra"]
[Black "gmjoey1"]
[Result "0-1"]
[WhiteElo "2676"]
[BlackElo "2494"]
[TimeControl "180+2"]
[EndTime "17:33:39 PDT"]
[Termination "gmjoey1 won by checkmate"]

1. e4 c6 2. d4 d5 3. e5 Bf5 4.
h4 Qb6 5. Nc3 h5 6. Nge2 e6 7. Nf4 g6 8. f3 Bb4 9. Kf2 Nd7 10. Be3 O-O-O 11. g4 hxg4 12. fxg4 Bxc3 13. gxf5 g5 14. Nxe6 fxe6 15. bxc3 Rf8 16. f6 Ngxf6 17. exf6 Nxf6 18. Ke1 Ne4 19. Bh3 Qb2 20. Bd2 Nxd2 21.
Kxd2 Rf2+ 22. Ke3 Rhf8 23. Bg4 Rxc2 24. Be2 Rxc3+ 25. Bd3 Qf2# 0-1

[Event "*** Titled Tuesday 3|2 Blitz"]
[Site "Chess.com"]
[Date "2016.10.04"]
[Round "3"]
[White "jk13"]
[Black "WanderingPuppet"]
[Result "0-1"]
[WhiteElo "2495"]
[BlackElo "2317"]
[TimeControl "180+2"]
[EndTime "17:33:40 PDT"]
[Termination "WanderingPuppet won by resignation"]

1. e4 c5 2. c3 d5 3. exd5 Nf6 4.
d4 Nxd5 5. dxc5 e6 6. b4 a5 7. Qb3 Nc6 8. Bb5 Qf6 9. Bb2 Qe5+ 10. Ne2 Nf4 11. Kf1 Nxe2 12. Bxe2 Qf5 13. Nd2 Be7 14. Nc4 O-O 15. Nb6 Rb8 16. Rd1 e5 17. Nxc8 Rbxc8 18. h3 Rcd8 19. Ke1 Bh4 20. Rf1 Qe4 21. g3 Bg5 22. h4 Bh6 23. a3 Rxd1+ 24. Qxd1 Rd8 25.
Qb3 Bd2+ 26. Kd1 Qb1+ 0-1

[Event "*** Titled Tuesday 3|2 Blitz"]
[Site "Chess.com"]
[Date "2016.10.04"]
[Round "3"]
[White "NIGWAPO"]
[Black "Noukii"]
[Result "1/2-1/2"]
[WhiteElo "2435"]
[BlackElo "2598"]
[TimeControl "180+2"]
[EndTime "17:34:07 PDT"]
[Termination "Game drawn by agreement"]

1. e4 Nf6 2. e5 Nd5 3. d4 d6 4. Nf3 g6 5. c4 Nb6 6. exd6 cxd6 7. Nc3 Bg7 8. Be3 O-O 9. Be2 Nc6 10. O-O Bg4 11. b3 d5 12. c5 Nc8 13. h3 Bxf3 14. Bxf3 e6 15. Qd2 N8e7 16. Ne2 Nf5 17. b4 h6 18. b5 Na5 19. Bf4 Nc4 20. Qd3 Qf6 21.
Rac1 g5 22. Bh2 Nxd4 23. Nxd4 Qxd4 24. Qxd4 Bxd4 25. c6 bxc6 26. bxc6 Rac8 27. Rfd1 Bb6 28.
h4 Rxc6 29. hxg5 hxg5 30. a4 Rfc8 31. Bg4 Kg7 32. Bg3 Kg6 33. Be2 Nb2 34. Rxc6 Rxc6 35.
Rb1 Rc2 36. Bb5 Kf6 37. Kh1 Nc4 38. f4 Ne3 39. fxg5+ Kxg5 40. Be8 Rb2 41. Rxb2 f5 42. Bf2 f4 43. Bc6 Bd4 44. Rb7 Kf5 45. Rf7+ Ke5 46. g3 1/2-1/2

[Event "*** Titled Tuesday 3|2 Blitz"]
[Site "Chess.com"]
[Date "2016.10.04"]
[Round "3"]
[White "3f32"]
[Black "HKBurwell"]
[Result "1-0"]
[WhiteElo "2268"]
[BlackElo "2387"]
[TimeControl "180+2"]
[EndTime "17:34:09 PDT"]
[Termination "3f32 won by resignation"]

1. d4 d5 2. c4 e6 3. Nf3 Nf6 4. g3 Bb4+ 5. Nbd2 O-O 6. Bg2 Nbd7 7.
O-O c6 8. Qc2 b6 9. e4 dxe4 10.
Nxe4 Nxe4 11. Qxe4 Bb7 12. Rd1 Be7 13. Bf4 Rc8 14. Qc2 Ba8 15. Rd2 Nf6 16. Rad1 Bd6 17. Ne5 Qe7 18. c5 bxc5 19. dxc5 Bxc5 20. Rd7 Nxd7 21.
Rxd7 Bxf2+ 22. Qxf2 Qb4 23. Qxa7 Qe1+ 24. Bf1 Rcd8 25.
Rxd8 Rxd8 26. Qxf7+ Kh8 27. Qxe6 1-0

[Event "*** Titled Tuesday 3|2 Blitz"]
[Site "Chess.com"]
[Date "2016.10.04"]
[Round "3"]
[White "talaicito"]
[Black "BCNUM8"]
[Result "0-1"]
[WhiteElo "1995"]
[BlackElo "2144"]
[TimeControl "180+2"]
[EndTime "17:34:12 PDT"]
[Termination "BCNUM8 won by resignation"]

1. e4 Nf6 2. e5 Ne4 3. Nc3 Nxc3 4.
bxc3 d5 5. d4 c5 6. Nf3 Nc6 7.
Bd3 e6 8. O-O Qa5 9. Bd2 c4 10.
Be2 Ba3 11. Rb1 Be7 12. Ng5 Bxg5 13. Bxg5 Qxc3 14. Be3 O-O 15. Re1 a5 16. Bg4 Nb4 17.
Re2 Nxa2 18. f4 Nb4 19. Bf2 Nc6 20. Rd2 a4 21. Be1 Qe3+ 22. Bf2 Qxf4 23. c3 a3 24. Ra1 f5 25. Bf3 Bd7 26. Rda2 b5 27. Qe1 Qg5 28. Bh4 Qg6 29. Rxa3 Rxa3 30. Rxa3 Rb8 31. Ra1 b4 32. Rb1 b3 33. Qd2 Ra8 34. Qb2 Qe8 35. Ra1 h6 36.
Bf2 Qb8 37. Ra3 Rxa3 38. Qxa3 b2 0-1

[Event "*** Titled Tuesday 3|2 Blitz"]
[Site "Chess.com"]
[Date "2016.10.04"]
[Round "3"]
[White "platy3"]
[Black "michaelk123"]
[Result "1-0"]
[WhiteElo "2745"]
[BlackElo "2234"]
[TimeControl "180+2"]
[EndTime "17:34:19 PDT"]
[Termination "platy3 won on time"]

1. e4 c5 2. Nf3 e6 3. d4 cxd4 4.
Nxd4 Nc6 5. Nc3 Qc7 6. Be3 a6 7.
Qd2 Nf6 8. f4 b5 9. e5 b4 10. Ncb5 axb5 11. Nxb5 Qb8 12. exf6 gxf6 13. c4 bxc3 14. bxc3 Ba6 15. Rb1 Be7 16. Rb2 Rg8 17.
Bd3 Bxb5 18. Bxb5 Rxa2 19. Rxa2 Qxb5 20. Kf2 Bd8 21. Rd1 Ne7 22. c4 Qc6 23. Kg1 Nf5 24. Kh1 Nh4 25. Rg1 f5 26. Qf2 Rg4 27. h3 Rg6 28. Kh2 Qxc4 29. Ra8 Qc6 30. Rxd8+ Kxd8 31. Qxh4+ Ke8 32. Qf2 Qe4 33. Rc1 Kf8 34. Re1 Qd5 35. Bc5+ d6 36. Be3 h6 37. Re2 1-0

[Event "*** Titled Tuesday 3|2 Blitz"]
[Site "Chess.com"]
[Date "2016.10.04"]
[Round "3"]
[White "SwiftyMcBishop"]
[Black "ka1ser64"]
[Result "1-0"]
[WhiteElo "2077"]
[BlackElo "2249"]
[TimeControl "180+2"]
[EndTime "17:34:27 PDT"]
[Termination "SwiftyMcBishop won by resignation"]

1. e4 e6 2. d4 d5 3. Nc3 Nc6 4.
Nf3 Nf6 5. Bd3 Bb4 6. Bg5 dxe4 7. Bxe4 h6 8. Bxf6 Qxf6 9. O-O O-O 10. a3 Be7 11. d5 Ne5 12. Re1 Nc4 13. dxe6 fxe6 14.
Nd5 Qf7 15. Bg6 exd5 16. Bxf7+ Rxf7 17. Qxd5 Nb6 18. Qb3 Kf8 19. Ne5 Rf6 20. Qe3 Nd5 21.
Qe4 Nf4 22. Nd7+ Bxd7 23. Qxe7+ Kg8 24. Qxd7 Raf8 25. Re7 Nh5 26. f3 Rg6 27. Qd5+ Kh7 28. Rae1 Nf4 29. Qd2 Nxg2 30. Qxg2 Rxg2+ 31. Kxg2 1-0

[Event "*** Titled Tuesday 3|2 Blitz"]
[Site "Chess.com"]
[Date "2016.10.04"]
[Round "3"]
[White "Quiet_Desperation"]
[Black "Rsnr"]
[Result "1/2-1/2"]
[WhiteElo "2232"]
[BlackElo "2531"]
[TimeControl "180+2"]
[EndTime "17:34:31 PDT"]
[Termination "Game drawn by repetition"]

1. e4 c6 2. d4 d5 3. exd5 cxd5 4. Bd3 Nc6 5. c3 Qc7 6. Ne2 Bg4 7. f3 Bd7 8. O-O e5 9. dxe5 Nxe5 10. Bc2 Nf6 11. Nd4 Bc5 12. Kh1 O-O 13. Bf4 Bd6 14. Bg5 Be7 15. Nd2 h6 16. Bh4 Rfe8 17. Rc1 a6 18. Bb1 Rad8 19. Qc2 g6 20. Qd1 Nc4 21. b3 Ne3 22.
Qe2 Nxf1 23. Nxf1 Ba3 24. Qc2 Bxc1 25. Qxc1 Qe5 26. Qxh6 Nh7 27. Bxd8 Rxd8 28. h4 Re8 29. f4 Qe1 30. Bxg6 Qxf1+ 31. Kh2 Nf8 32. Bf5 Qe1 33.
Bxd7 Nxd7 34. Nf5 Qxc3 35. Qg5+ Kf8 36. Qh6+ Kg8 37. Qg5+ Kf8 38. Qh6+ Kg8 39. Qg5+ Kh7 40. Qh5+ Kg8 41. Qg5+ Kf8 42. Qh6+ Kg8 43. Qg5+ 1/2-1/2

[Event "*** Titled Tuesday 3|2 Blitz"]
[Site "Chess.com"]
[Date "2016.10.04"]
[Round "3"]
[White "Schwarzschidl"]
[Black "FearlessKing64"]
[Result "1-0"]
[WhiteElo "2332"]
[BlackElo "2193"]
[TimeControl "180+2"]
[EndTime "17:34:31 PDT"]
[Termination "Schwarzschidl won by checkmate"]

1. e4 c5 2. Nf3 d6 3. d4 cxd4 4.
Nxd4 Nf6 5. Nc3 a6 6. Bg5 e6 7.
Qd2 Be7 8. O-O-O Nbd7 9. f3 Qc7 10. h4 h6 11. Be3 b5 12. g4 b4 13. Nce2 Bb7 14.
Rg1 d5 15. g5 hxg5 16. hxg5 Nh5 17. g6 Nc5 18. gxf7+ Kxf7 19. Nf4 Nxf4 20. Bxf4 e5 21.
Bg3 b3 22. axb3 dxe4 23. Bc4+ Ke8 24. Nf5 g6 25. Qc3 gxf5 26. Bxe5 Qc6 27. Bxh8 Qh6+ 28. Kb1 exf3 29. Rg8+ Bf8 30. Bg7 Qxg7 31. Qxg7 Nd7 32. Qxd7# 1-0

[Event "*** Titled Tuesday 3|2 Blitz"]
[Site "Chess.com"]
[Date "2016.10.04"]
[Round "3"]
[White "kaitlyninc"]
[Black "Shivagami"]
[Result "0-1"]
[WhiteElo "1739"]
[BlackElo "1910"]
[TimeControl "180+2"]
[EndTime "17:34:35 PDT"]
[Termination "Shivagami won by resignation"]

1. d4 Nf6 2. Bf4 g6 3. e3 Bg7 4.
Nf3 O-O 5. Bd3 d6 6. c3 b6 7.
Nbd2 Bb7 8. O-O Nbd7 9. Bg3 Re8 10. Qc2 e5 11. dxe5 dxe5 12. Ne4 Nd5 13. a3 f5 14. Bh4 Qc8 15. Ng3 e4 16. Nxe4 fxe4 17. Bxe4 Nc5 18. Bxg6 hxg6 19. Qxg6 Qe6 20. Qg3 Qd6 21. Qg5 Ne4 22. Qf5 Qe6 23. Qh5 Qf7 24. Qg4 Bc8 25. Ng5 Bxg4 26. Nxf7 Kxf7 27. f3 Nd2 28. Rfd1 Bxf3 29. Rxd2 Be4 30. Rf1+ Kg8 31. c4 Nxe3 32. Rf4 Nxc4 33. Re2 Bd5 34. Rd2 Nxd2 35. Kf2 Re4 36. Rxe4 Nxe4+ 37. Ke3 Re8 38. Kd3 Nc5+ 39. Kc2 Re2+ 40. Kb1 Rxb2+ 41. Kc1 Nb3+ 42. Kd1 Rxg2 43. Ke1 Rxh2 44. Kf1 0-1

[Event "*** Titled Tuesday 3|2 Blitz"]
[Site "Chess.com"]
[Date "2016.10.04"]
[Round "3"]
[White "GrigorGrigorov"]
[Black "wonderfultime"]
[Result "0-1"]
[WhiteElo "2539"]
[BlackElo "2709"]
[TimeControl "180+2"]
[EndTime "17:34:45 PDT"]
[Termination "wonderfultime won on time"]

1. d4 d5 2. Nf3 c6 3. c4 Nf6 4.
Nbd2 Bg4 5. Ne5 Bf5 6. Qb3 Qc7 7. e3 e6 8. Be2 h6 9. O-O Nbd7 10.
cxd5 exd5 11. f4 Bd6 12. Bd3 Bxd3 13. Qxd3 O-O 14. Kh1 c5 15. g4 cxd4 16. exd4 Rac8 17. g5 hxg5 18. fxg5 Bxe5 19. dxe5 Ng4 20. Qg3 Ngxe5 21. Nb3 Ng6 22. Qxc7 Rxc7 23. Be3 Rc2 24. Bd4 Nde5 25. Rad1 Ng4 26. Bg1 Re8 27. h3 Ne3 28. Rfe1 Nxd1 29. Rxe8+ Kh7 30. Rd8 Nf4 31. Nd4 Rxb2 32. Nf5 Nxh3 33.
Bd4 Rd2 34. Bxg7 Kg6 0-1

[Event "*** Titled Tuesday 3|2 Blitz"]
[Site "Chess.com"]
[Date "2016.10.04"]
[Round "3"]
[White "johnathan113"]
[Black "ZEN-22"]
[Result "0-1"]
[WhiteElo "2279"]
[BlackElo "2256"]
[TimeControl "180+2"]
[EndTime "17:34:48 PDT"]
[Termination "ZEN-22 won on time"]

1. d4 c5 2. dxc5 e6 3. Nc3 f5 4. e4 Bxc5 5. exf5 Qb6 6. Qh5+ Kf8 7.
Nh3 Nf6 8. Qf3 Nc6 9. fxe6 Nd4 10. Qd3 dxe6 11. Ng5 e5 12. Qc4 Qc7 13. Bd3 Nxc2+ 14.
Kf1 Nxa1 15. Nb5 Qe7 16. Bd2 h6 17. Ne4 Nxe4 18. Qxe4 Qf6 19. f3 Bd7 20. Nc7 Bc6 21.
Qc4 Bd6 22. Nxa8 Ke7 23. Kf2 Rc8 24. Rxa1 Bxf3 25. Qxc8 Bg4+ 26. Bf5 Bxf5 27. Qxb7+ Kf8 28. Kg1 Qg6 29. Rf1 Kg8 30. Qxa7 Be4 31. Rf2 Kh7 32. Nc7 Bc6 33. Na6 Qb1+ 34. Rf1 Qd3 35. Be3 Qe2 36. Bf2 Qe4 0-1

[Event "*** Titled Tuesday 3|2 Blitz"]
[Site "Chess.com"]
[Date "2016.10.04"]
[Round "3"]
[White "Newlight1"]
[Black "maciek_92"]
[Result "0-1"]
[WhiteElo "2511"]
[BlackElo "2610"]
[TimeControl "180+2"]
[EndTime "17:34:51 PDT"]
[Termination "maciek_92 won on time"]

1. d4 Nf6 2. c4 e6 3. Nf3 b6 4.
Nc3 Bb4 5. e3 O-O 6. Bd3 d5 7.
O-O Ba6 8. cxd5 exd5 9. Bxa6 Nxa6 10. Qd3 Qc8 11. Ne5 c5 12. Bd2 Re8 13. Rac1 Bxc3 14.
bxc3 c4 15. Qc2 b5 16. Rb1 Nc7 17. f3 Qb7 18. g4 Ne6 19. h4 g6 20. Kf2 a5 21. h5 Nd7 22. hxg6 hxg6 23. Nxg6 fxg6 24. Qxg6+ Ng7 25. Rh1 Nf8 26. Qh6 Ra6 27. Qh8+ Kf7 28. a4 Rb6 29. axb5 Rxb5 30. Rxb5 Qxb5 31. g5 Qb2 32. Ke2 Ng6 33. Qh2 Qc2 34. Qc7+ Re7 35. Qxa5 Nf4+ 36. Kf1 Qd1+ 37. Kf2 Qxd2+ 38. Kg3 Qxe3 39.
Rh7 Kg6 0-1

[Event "*** Titled Tuesday 3|2 Blitz"]
[Site "Chess.com"]
[Date "2016.10.04"]
[Round "3"]
[White "MFBerna"]
[Black "spirals5"]
[Result "0-1"]
[WhiteElo "2151"]
[BlackElo "2268"]
[TimeControl "180+2"]
[EndTime "17:34:52 PDT"]
[Termination "spirals5 won on time"]

1. e4 c5 2. Nf3 d6 3. d4 cxd4 4. Nxd4 Nf6 5. Nc3 a6 6. Be3 e5 7.
Nf3 h6 8. Bc4 Be7 9. O-O O-O 10.
a4 Nc6 11. Qd3 Bg4 12. Nd2 Nb4 13. Bxf7+ Rxf7 14. Qc4 Nxc2 15. Rac1 Nxe3 16. fxe3 Rc8 17. Qb3 Qd7 18. Nd5 Rxc1 19. Nxe7+ Qxe7 20. Rxc1 Be6 21. Qb6 Ng4 22. Nf3 Kh7 23. Rd1 Nf6 24. Rxd6 Bg4 25. Nd2 Nd7 26. Qc7 Qg5 27. Nf1 Be2 28. Ng3 Qxe3+ 29. Kh1 Bg4 30. Qc3 Qxc3 31. bxc3 Nf6 32. h3 Bd7 33. a5 g6 34. Rb6 Bc6 35. Rb4 h5 36. h4 Kg7 37. Kg1 Ng4 38. Rb2 Rd7 39. Rb1 Rd2 0-1

[Event "*** Titled Tuesday 3|2 Blitz"]
[Site "Chess.com"]
[Date "2016.10.04"]
[Round "3"]
[White "JMatias"]
[Black "chessking2151"]
[Result "0-1"]
[WhiteElo "2204"]
[BlackElo "2342"]
[TimeControl "180+2"]
[EndTime "17:35:12 PDT"]
[Termination "chessking2151 won by resignation"]

1. d4 Nf6 2. c4 c5 3. Nf3 cxd4 4.
Nxd4 e5 5. Nb5 d5 6. cxd5 Bc5 7. N1c3 O-O 8. e3 e4 9. Be2 a6 10. Na3 b5 11. Nc2 Bb7 12. O-O Nbd7 13. b4 Bd6 14.
Bb2 Rc8 15. Nd4 Be5 16. Rc1 Nb6 17. Nc6 Bxc6 18. dxc6 Qc7 19. h3 Rfd8 20. Qb3 Rd2 21. Rc2 Rxc2 22. Qxc2 Qxc6 23. Rc1 Na4 24. Nxa4 Qxc2 25.
Rxc2 Rxc2 26. Bxe5 Rxe2 27. Nc3 Re1+ 28. Kh2 Nd7 29.
Bd4 f5 30. g4 g6 31. gxf5 gxf5 32. Kg3 Kf7 33. Kf4 Ke6 34. a4 bxa4 35. Nxa4 Rb1 36. Nc5+ Nxc5 37. Bxc5 Rg1 38. Bd4 Rg2 39. Bc5 Rxf2+ 40.
Kg5 Rh2 41. h4 Kd5 42. Be7 Rh3 43. Kxf5 Rxe3 44. Kg5 Rg3+ 45. Kf4 Rf3+ 46. Kg4 Rf1 47. Bc5 a5 48. h5 a4 0-1

[Event "*** Titled Tuesday 3|2 Blitz"]
[Site "Chess.com"]
[Date "2016.10.04"]
[Round "3"]
[White "AdrianaNikolova"]
[Black "cheese111"]
[Result "0-1"]
[WhiteElo "2249"]
[BlackElo "2292"]
[TimeControl "180+2"]
[EndTime "17:35:51 PDT"]
[Termination "cheese111 won by resignation"]

1. e4 d5 2. exd5 Nf6 3. Nc3 Nxd5 4. Nxd5 Qxd5 5. Nf3 Nc6 6. d4 Bg4 7. Be2 O-O-O 8. c3 e5 9. Nxe5 Bxe2 10. Qxe2 Nxe5 11.
dxe5 Qxg2 12. Rf1 Qxh2 13. Bd2 Re8 14. f4 Qxe2+ 15. Kxe2 f6 16. Rae1 Bd6 17. Kd1 fxe5 18. fxe5 Bxe5 19. Rg1 Bf6 20. Ref1 Rd8 21. Kc2 Rhe8 22.
Rg2 Rd5 23. c4 Rh5 24. Bc3 Bxc3 25. Kxc3 Re7 26. Rf8+ Kd7 27. b4 Rh3+ 28. Kd4 b6 29.
b5 c5+ 30. bxc6+ Kxc6 31. Rc8+ Kb7 32. Rg8 g6 33. Rf2 Rd7+ 34. Ke5 Rc3 35. Rf4 Rc7 36. Kd5 Rc5+ 37. Kd6 R3xc4 38. Rg7+ Rc7 39. Rff7 Rc6+ 40. Kd5 Rxf7 41. Rxf7+ Rc7 42. Rf8 Ka6 43. Kd6 Rc2 44. a4 h5 45. Rg8 Rg2 46. Rg7 h4 47. Rh7 g5 48. Ke5 Rg3 49. Kf5 h3 50. Ke4 g4 51.
Kf4 Rg2 52. Rh4 h2 53. a5 g3 54. axb6 axb6 55. Rh8 Rg1 56. Ra8+ Kb7 57. Rh8 h1=Q 58. Rxh1 Rxh1 59. Kxg3 Rf1 0-1

[Event "*** Titled Tuesday 3|2 Blitz"]
[Site "Chess.com"]
[Date "2016.10.04"]
[Round "3"]
[White "Joshukid"]
[Black "Fins0905"]
[Result "0-1"]
[WhiteElo "2340"]
[BlackElo "2486"]
[TimeControl "180+2"]
[EndTime "17:35:58 PDT"]
[Termination "Fins0905 won by resignation"]

1. d4 d5 2. c4 c6 3. Nc3 Nf6 4. e3 e6 5. Nf3 Nbd7 6. cxd5 exd5 7. Bd3 Bd6 8. O-O O-O 9. b3 Re8 10. Bb2 Nf8 11. Qc2 Bg4 12. Be2 Bh5 13. h3 Bg6 14.
Bd3 Bxd3 15. Qxd3 Ne4 16. Nd2 f5 17. Rae1 Qh4 18. f4 Nxd2 19. Qxd2 Nd7 20. Qd3 g6 21. Re2 Nf6 22. Rf3 Re6 23. Nd1 Rae8 24. Bc3 Nh5 25. Be1 Qe7 26. g3 Nf6 27. Kh2 Ne4 28. Bf2 Bb4 29. Bg1 a5 30. Rg2 Bd6 31. Kh1 Bc7 32.
Bf2 Qb4 33. Bg1 a4 34. Kh2 axb3 35. axb3 Nd6 36. g4 Rf6 37. Rfg3 Ne4 38. Rf3 Ra8 39. gxf5 Rxf5 40. Nf2 Re8 41. Ng4 Kf8 42. Bf2 Qc3 43. Qf1 Nd2 44. Qe2 Nxf3+ 45. Qxf3 Bxf4+ 46. Bg3 Bxe3 47. Bd6+ Kg7 48. Qg3 Qxd4 49. Nxe3 Rxe3 50. Qh4 Qxh4 0-1

[Event "*** Titled Tuesday 3|2 Blitz"]
[Site "Chess.com"]
[Date "2016.10.04"]
[Round "3"]
[White "chito89"]
[Black "daro94"]
[Result "0-1"]
[WhiteElo "2552"]
[BlackElo "2671"]
[TimeControl "180+2"]
[EndTime "17:36:00 PDT"]
[Termination "daro94 won on time"]

1. e4 e5 2. Nf3 Nc6 3. Bc4 Bc5 4. c3 Nf6 5. d3 a6 6. O-O d6 7. a4 h6 8. Na3 O-O 9. h3 Re8 10. Re1 Be6 11. b4 Ba7 12. Bxe6 Rxe6 13. b5 Ne7 14. Be3 Bxe3 15. Rxe3 Ng6 16. Nc4 d5 17.
Ncd2 Rd6 18. c4 dxe4 19. dxe4 Nd7 20. Qc2 Nc5 21. Nb3 Nxb3 22. Rxb3 Nf4 23. c5 Rg6 24. g3 axb5 25. Nxe5 Qf6 26. Nxg6 Qxa1+ 27. Rb1 Nxh3+ 28. Kg2 Qf6 29. Kxh3 Qxg6 30. axb5 Re8 31. Rb4 Re5 32. Kg2 Qh5 33. Rc4 Qg4 34. f3 Qd7 35. c6 bxc6 36. bxc6 Qd6 37. f4 Re6 38. e5 Qd5+ 39. Kf2 g5 40. Ke3 gxf4+ 41. gxf4 Rg6 42. Re4 Rg1 43. Qf2 Qd1 44. Rd4 Re1+ 0-1

[Event "*** Titled Tuesday 3|2 Blitz"]
[Site "Chess.com"]
[Date "2016.10.04"]
[Round "3"]
[White "gmshanmeruga"]
[Black "KNVB"]
[Result "1-0"]
[WhiteElo "2282"]
[BlackElo "2479"]
[TimeControl "180+2"]
[EndTime "17:36:04 PDT"]
[Termination "gmshanmeruga won by resignation"]

1. e4 e6 2. d4 d5 3. Nc3 Bb4 4. e5 Ne7 5. a3 Bxc3+ 6. bxc3 b6 7. Qg4 Ng6 8. h4 h5 9. Qg3 Ba6 10. Bxa6 Nxa6 11. Ne2 Qd7 12. Bg5 Qa4 13. Qd3 Ne7 14. Ng3 g6 15. Qf3 Rg8 16. O-O Qxc2 17. c4 Rd8 18.
cxd5 Rxd5 19. Rac1 Qa4 20. Qf6 Qd7 21. Rfd1 Nb8 22. Ne4 Nf5 23. Bf4 Qd8 24. Qxd8+ Kxd8 25. Nf6 Rh8 26. Nxd5 exd5 27. Bg5+ Kd7 28. f3 Nc6 29. Bf6 Rc8 30. Kf2 Nfxd4 31. e6+ Kxe6 32. Bxd4 Ne7 33. Re1+ Kd7 34. Bf6 Ng8 35. Bg5 f6 36. Bf4 c5 37. Rcd1 d4 38. Re4 Ne7 39. Rde1 Nd5 40. Bd2 Rc6 41. g4 Rd6 42. gxh5 gxh5 43.
Rg1 Kc6 44. a4 a6 45. Rg8 b5 46. Rc8+ Kb7 47. Rxc5 Nb6 48. axb5 axb5 49. Rxb5 Kc6 50. Rxh5 Nc4 51. Bb4 Rd8 52. Rc5+ 1-0

[Event "*** Titled Tuesday 3|2 Blitz"]
[Site "Chess.com"]
[Date "2016.10.04"]
[Round "3"]
[White "FLchessplayer"]
[Black "3ptdka"]
[Result "0-1"]
[WhiteElo "2007"]
[BlackElo "2044"]
[TimeControl "180+2"]
[EndTime "17:36:19 PDT"]
[Termination "3ptdka won by resignation"]

1. e4 c5 2. Nf3 d6 3. c3 Nf6 4. Bd3 Nbd7 5. O-O b5 6. Re1 Bb7 7. Bc2 e6 8. a4 a6 9. d4 cxd4 10.
cxd4 Be7 11. Nc3 b4 12. e5 bxc3 13. exf6 Nxf6 14. bxc3 Rc8 15. Bd2 O-O 16. Rb1 Bd5 17. Rb2 Bc4 18. Qb1 Qd7 19. Bg5 g6 20. h3 Rc7 21. Qc1 Nd5 22. Bxe7 Qxe7 23. Be4 Rfc8 24.
Bxd5 Bxd5 25. Re3 Bxf3 26. Rxf3 Rc4 27. Qb1 Rxa4 28. Rb7 Rc7 29. Rb8+ Kg7 30. Qb2 d5 31. Ra8 Ra7 32. Rb8 Rc4 33. Qb6 Qc7 34. Qb2 a5 35.
Rb5 a4 36. Qc1 Qe7 37. Qf4 a3 38. Rb1 a2 39. Ra1 Qc7 40. Qf6+ Kg8 41. h4 Rxc3 42. g3 Rc1+ 43. Rxc1 Qxc1+ 44. Kg2 Qc7 45. h5 Qe7 46. Qf4 a1=Q 47. h6 Qf8 48. g4 Ra4 49. g5 Qxd4 50. Qg3 Qg4 51. Qxg4 Rxg4+ 0-1

[Event "*** Titled Tuesday 3|2 Blitz"]
[Site "Chess.com"]
[Date "2016.10.04"]
[Round "3"]
[White "hardingstoptry"]
[Black "GianmarcoVaR"]
[Result "1-0"]
[WhiteElo "2466"]
[BlackElo "2376"]
[TimeControl "180+2"]
[EndTime "17:36:25 PDT"]
[Termination "hardingstoptry won by resignation"]

1. Nf3 Nf6 2. g3 d5 3. Bg2 Bg4 4.
O-O e6 5. h3 Bh5 6. d3 Nbd7 7.
Nbd2 Be7 8. b3 a5 9. c4 a4 10. Bb2 O-O 11. Qc2 c6 12. g4 Bg6 13. Nh4 Qa5 14.
Bc3 Bb4 15. Bxb4 Qxb4 16. Nxg6 hxg6 17. Rab1 a3 18. e3 Rac8 19. Nf3 e5 20. Rfc1 Rfe8 21.
cxd5 Nxd5 22. Nd2 Kh7 23. Ne4 Qe7 24. Kh2 Red8 25. b4 Nxb4 26. Qb3 c5 27. Rd1 b6 28. Qxa3 Nf8 29. Qb3 Ne6 30. a3 Nd5 31.
Kg1 Rb8 32. Rdc1 Nf6 33. Nd2 Qd7 34. Nc4 Qc7 35. a4 Nd5 36. Bxd5 Rxd5 37. a5 b5 38. Nb6 Rdd8 39. Qxb5 e4 40. d4 Qe7 41. dxc5 Qh4 42. Qf1 Ng5 43. Rc2 Nxh3+ 44. Kg2 Qxg4+ 45. Kh1 Qh5 46. Kg2 Qf3+ 47. Kh2 Ng5 48. Qg2 Qh5+ 49. Kg3 Kg8 50. Rh1 Qf3+ 51. Qxf3 Nxf3 52. c6 Rdc8 53. c7 Ra8 54. Nxa8 1-0

[Event "*** Titled Tuesday 3|2 Blitz"]
[Site "Chess.com"]
[Date "2016.10.04"]
[Round "3"]
[White "MattyDPerrine"]
[Black "Po6Don"]
[Result "1-0"]
[WhiteElo "2243"]
[BlackElo "2080"]
[TimeControl "180+2"]
[EndTime "17:36:37 PDT"]
[Termination "MattyDPerrine won on time"]

1. d4 d5 2. Nf3 Nf6 3. g3 c5 4. Bg2 Nc6 5. O-O Bf5 6. c4 e6 7. cxd5 exd5 8. Nc3 h6 9. Bf4 c4 10. Ne5 Be7 11. Qa4 Bd7 12. Nxd7 Qxd7 13. Rfd1 O-O 14. e4 Nxe4 15. Nxe4 dxe4 16. Qxc4 Rac8 17. Bxe4 Bf6 18. Qd3 Rcd8 19. d5 Ne5 20. Qb3 b6 21. Bg2 h5 22.
h3 Rfe8 23. Re1 Qf5 24. Rad1 h4 25. Be4 Qxh3 26. gxh4 Qxh4 27. Qg3 Qh5 28. d6 Bh4 29. Qg2 Re6 30. Bg3 Rh6 31. Rd5 Bxg3 32. fxg3 f6 33. Red1 Qf7 34. Bf5 Qh5 35. Be4 Qg4 36. R5d4 Qh5 37.
Bd5+ Kf8 38. Be4 f5 39. Rf1 g6 40. Bc2 Qg5 41. Qf2 Qf6 42. Rfd1 Rh7 43. Bb3 Rhd7 44. Qd2 Rxd6 45. Rxd6 Nf3+ 46. Kf2 Nxd2 47. Rxf6+ Kg7 48.
Rf7+ Kh6 49. Ke2 f4 50. Rxd2 1-0

[Event "*** Titled Tuesday 3|2 Blitz"]
[Site "Chess.com"]
[Date "2016.10.04"]
[Round "3"]
[White "GasconJR"]
[Black "agser"]
[Result "0-1"]
[WhiteElo "2280"]
[BlackElo "2516"]
[TimeControl "180+2"]
[EndTime "17:36:38 PDT"]
[Termination "agser won on time"]

1. e4 c5 2. Nf3 e6 3. d4 cxd4 4. Nxd4 Nc6 5. Nc3 Qc7 6. Be3 a6 7. Qd2 Nf6 8. f4 b5 9. e5 b4 10. Ncb5 axb5 11. Nxb5 Qb8 12. exf6 gxf6 13. c4 bxc3 14.
bxc3 Be7 15. a4 Ba6 16. Rb1 Bxb5 17. Bxb5 Qc7 18. O-O O-O 19. f5 Ne5 20. h3 Rfc8 21. Rbc1 Nc4 22. Bxc4 Qxc4 23. Rf4 Qd5 24. Rg4+ Kh8 25.
Qxd5 exd5 26. Bd4 Bc5 27. Kf1 Bxd4 28. Rxd4 Ra5 29. Ke2 Rc4 30. Rxc4 dxc4 31. Ra1 Kg7 32. Ke3 Kh6 33. Kd4 d5 34. Ra2 Kg5 35. g4 Kh4 36. Rb2 Kxh3 37. Rb7 Kxg4 38. Rxf7 Kxf5 39. Rxh7 Kf4 40. Rf7 f5 41. Rf8 Rxa4 42. Kxd5 Kg4 43. Ke5 Ra5+ 44. Kd4 Ra4 45. Ke5 Ra3 46. Rg8+ Kf3 47.
Kd4 Ra4 48. Rf8 f4 49. Ke5 Ke3 50. Rxf4 Ra5+ 0-1